 Dungeon Crawl Stone Soup version 0.27.0-1-g7a089689b8 (webtiles) character file.

Game seed: 7608433327609659381

1129 gimp the Ruffian (level 8, -7/67 HPs)
             Began as a Troll Fire Elementalist on Aug 8, 2021.
             Mangled by a gnoll sergeant (8 damage)
             ... on level 5 of the Dungeon.
             The game lasted 00:08:07 (3424 turns).

gimp the Ruffian (Troll Fire Elementalist)          Turns: 3424, Time: 00:08:08

Health: -7/67      AC:  5    Str: 19    XL:     8   Next: 13%
Magic:  8/8        EV: 11    Int: 11    God:
Gold:   267        SH:  0    Dex: 10    Spells: 8/9 levels left

rFire    . . .     SeeInvis .     - Unarmed
rCold    . . .     Faith    .   (no shield)
rNeg     . . .     Spirit   .   a - +0 robe
rPois    .         Reflect  .   (helmet restricted)
rElec    .         Harm     .   f - +0 cloak
rCorr    .         Rampage  .   (gloves unavailable)
Will     .....                  (boots unavailable)
Stlth    +.........             (no amulet)
HPRegen  1.21/turn              (no ring)
MPRegen  0.11/turn              (no ring)

@: brilliant, lethally poisoned (-7 -> -22)
A: large, unfitting armour, claws 3, regeneration 1, shaggy fur 1, tough skin 1
a: no special abilities


You were on level 5 of the Dungeon.
You visited 1 branch of the dungeon, and saw 6 of its levels.

You collected 267 gold pieces.

Inventory:

Missiles
 h - 39 poisoned darts
Armour
 a - a +0 robe (worn)
 f - a +0 cloak (worn)
Jewellery
 b - an amulet of reflection
 k - a +6 ring of dexterity
Wands
 j - a wand of digging (2)
 o - a wand of flame (27)
 s - a wand of iceblast (10)
Scrolls
 c - 4 scrolls of identify {unknown}
 d - a scroll of noise {unknown}
 e - 2 scrolls of amnesia {unknown}
 g - 3 scrolls of acquirement {unknown}
 m - a scroll of fear {unknown}
 n - 3 scrolls of immolation {unknown}
 r - 2 scrolls of blinking {unknown}
 t - a scroll of enchant weapon {unknown}
Potions
 i - a potion of flight {unknown}
 l - a potion of haste {unknown}
 p - a potion of brilliance
 q - 2 potions of attraction {unknown}
 u - a potion of lignification {unknown}
 v - a potion of heal wounds {unknown}


   Skills:
 + Level 4.8 Dodging
 - Level 1.0 Stealth
 * Level 7.8 Unarmed Combat
 - Level 1.2 Spellcasting
 - Level 0.6 Conjurations
 - Level 2.1 Fire Magic


You had 8 spell levels left.
You knew the following spells:

 Your Spells              Type           Power      Damage    Failure   Level
a - Foxfire               Conj/Fire      20%        2x1d5     19%         1

Your spell library contained the following spells:

 Spells                   Type           Power      Damage    Failure   Level
 Animate Skeleton         Necr           2%         N/A       32%         1
 Conjure Flame            Conj/Fire      5%         6-21      47%         3
 Inner Flame              Hex/Fire       4%         N/A       52%         3
 Sticky Flame             Conj/Fire      5%         2d3       87%         4
 Fireball                 Conj/Fire      2%         3d4       99%         5


Dungeon Overview and Level Annotations

Branches:
Dungeon (6/15)
 Temple: D:4-7

Altars:
Dithmenos
Kikubaaqudgha
Ru
Sif Muna
Uskayaw
Vehumet
Wu Jian

Shops:
D:3 *

Annotations:
D:2 Sigmund


Innate Abilities, Weirdness & Mutations

You are too large for most types of armour.
You have claws for hands.
Your natural rate of healing is unusually fast.
You are covered in fur. (AC +1)
You have tough skin. (AC +1)


Message History

You start resting.
HP restored.
Health restored: 67 You climb downwards.
There is a stone staircase leading up here.
The gnoll sergeant hits you from afar with a +2 trident of venom.
You are poisoned.
You take 5 damage, and have 62/67 hp.
You feel very sick.
The gnoll sergeant hits you with a +2 trident of venom!
You are more poisoned.
You take 16 damage, and have 46/67 hp.
MASSIVE DAMAGE!!
You claw the gnoll sergeant!
The gnoll sergeant is heavily wounded.
You feel very sick.
The gnoll sergeant hits you with a +2 trident of venom!
You are more poisoned.
You take 16 damage, and have 30/67 hp.
MASSIVE DAMAGE!!
You are too injured to fight recklessly!
You are too injured to fight recklessly!
You are too injured to fight recklessly!
You are too injured to fight recklessly!
The gnoll sergeant blocks your attack.
The gnoll sergeant is heavily wounded.
You feel very sick.
The gnoll sergeant hits you with a +2 trident of venom!
* * * LOW HITPOINT WARNING * * *
You are more poisoned.
You take 16 damage, and have 14/67 hp.
MASSIVE DAMAGE!!
You barely miss the gnoll sergeant.
The gnoll sergeant is heavily wounded.
* * * LOW HITPOINT WARNING * * *
You feel extremely sick.
You take 6 damage, and have 8/67 hp.
It was a potion of brilliance.
You feel clever all of a sudden.
* * * LOW HITPOINT WARNING * * *
You feel extremely sick.
The gnoll sergeant hits you with a +2 trident of venom!
You die...

.....)............##.............
...##)............##......###....
.#................###....####....
##............<....##.....##..#..
.#................###.........##.
...........##.....##.........####
...........##.<...#..........# #.
...........###..............####.
............###.@.......##.......
.........<..# ##.g...)...........
............## #.....##..........
.............###.#....####.......
..................###.# ###......
.................## #.###.#.##...
.#............#.### #.##.....#...
.#........_.#.....###............
...........................#.....


You could see a gnoll sergeant.

Vanquished Creatures
  Edmund (D:4)
  A sky beast (D:5)
  A black bear (D:4)
  2 necrophages
  Blork the orc (D:5)
  A water moccasin zombie (D:5)
  A centaur zombie (D:5)
  2 hounds (D:3)
  2 jellies (D:5)
  2 bullfrog skeletons (D:5)
  A centaur skeleton (D:5)
  2 iguanas
  A hound skeleton (D:4)
  11 gnolls
  3 adders
  2 worms (D:3)
  3 dart slugs
  8 orcs
  9 ball pythons
  5 bats
  10 endoplasms
  A giant cockroach (D:1)
  2 hobgoblins
  8 jackals (D:1)
  4 quokkas
  2 frilled lizards (D:1)
  8 goblins
  A jackal skeleton (D:4)
  3 kobolds
  6 rats
104 creatures vanquished.

Notes
Turn   | Place    | Note
-------+----------+-------------------------------------------
     0 | D:1      | gimp the Troll Fire Elementalist began the quest for the
                  | Orb.
     0 | D:1      | Reached XP level 1. HP: 16/16 MP: 1/1
    72 | D:1      | Reached skill level 1 in Unarmed Combat
    76 | D:1      | Reached XP level 2. HP: 24/24 MP: 2/2
   191 | D:1      | Found a faded altar of an unknown god.
   270 | D:1      | Reached skill level 2 in Unarmed Combat
   513 | D:1      | Reached XP level 3. HP: 31/31 MP: 3/3
  1131 | D:2      | Noticed Sigmund
  1175 | D:3      | You fall into a shaft and drop 2 floors!
  1175 | D:5      | Entered Level 5 of the Dungeon
  1176 | D:5      | Noticed a necrophage
  1202 | D:4      | Reached skill level 3 in Unarmed Combat
  1202 | D:4      | Reached XP level 4. HP: 37/39 MP: 4/4
  1289 | D:4      | Noticed a black bear
  1321 | D:3      | Reached XP level 5. HP: 12/45 MP: 5/5
  1327 | D:3      | Reached skill level 4 in Unarmed Combat
  1689 | D:3      | Found Qufaal's Assorted Antiques.
  1843 | D:4      | Found an ancient bone altar of Kikubaaqudgha.
  1849 | D:4      | Found a shimmering blue altar of Sif Muna.
  1850 | D:4      | Found a radiant altar of Vehumet.
  1853 | D:4      | Got Kikubaaqudgha's Compendium of Dark Arts
  1965 | D:4      | Noticed a necrophage
  1976 | D:4      | Killed a necrophage
  1977 | D:4      | Reached skill level 5 in Unarmed Combat
  1977 | D:4      | Reached XP level 6. HP: 52/53 MP: 6/6
  2452 | D:5      | Noticed Edmund
  2491 | D:4      | Killed Edmund
  2492 | D:4      | Reached skill level 6 in Unarmed Combat
  2492 | D:4      | Reached XP level 7. HP: 46/59 MP: 7/7
  2657 | D:5      | Reached skill level 7 in Unarmed Combat
  2683 | D:5      | Noticed Blork the orc
  2688 | D:5      | Found a hide-covered altar of Uskayaw.
  2695 | D:5      | Killed Blork the orc
  2698 | D:5      | Found a shadowy altar of Dithmenos.
  2731 | D:5      | Found a sacrificial altar of Ru.
  2953 | D:5      | Found an ornate altar of the Wu Jian Council.
  3024 | D:5      | Reached XP level 8. HP: 60/67 MP: 8/8
  3424 | D:5      | HP: 1/67 [poisoned by a gnoll sergeant]
  3424 | D:5      | Mangled by a gnoll sergeant

Illustrated notes

Levels and vault maps discovered:
D:1:      ncdulo_watergridlock, layout_loops_corners,
          hellmonk_ecumenical_altar_heavens_door, st_stairs_5,
          minmay_pentomino_q4
D:2:      layout_basic, uniq_sigmund
D:3:      layout_loops_ring, serial_shops, shop, minivault_23
D:4:      layout_cave_pools, grunt_temple_overflow_magic_moments
D:5:      layout_cave_pools, mainiacjoe_overflow_small_starburst,
          nzn_wu_jian_contemplation, grunt_temple_overflow_open,
          roderic_lattice_a, uniq_blork_the_orc, uniq_edmund
D:6:      layout_basic, mainiacjoe_overflow_alcove_4, minmay_temple_entry_tees,
          uniq_pikel

Skill      XL: |  1  2  3  4  5  6  7 |
---------------+----------------------+-----
Unarmed Combat | 1 2 3 5 6 7 |  7.8
Dodging        | 2 3 4 |  4.8
Stealth        | |  1.0
Spellcasting   | |  1.2
Conjurations   | |  0.6
Fire Magic     | |  2.1

Action                   |  1- 3 |  4- 6 |  7- 9 || total
-------------------------+-------+-------+-------++-------
Melee: Unarmed           |   168 |    99 |    97 ||   364
       Punch             |     1 |     1 |     1 ||     3
  Use: Potion            |       |     1 |     1 ||     2
 Stab: Sleeping          |     4 |     2 |     1 ||     7
Armor: Robe              |    60 |    37 |    25 ||   122
Dodge: Dodged            |    97 |    64 |    56 ||   217
